[Event "Czech Championship 2022"]
[Site "Usti nad Labem"]
[Date "2022.05.16"]
[Round "3.11"]
[White "Buchcar, Tomas"]
[Black "Stinka, Jakub"]
[Result "1-0"]
[ECO "B23"]
[WhiteElo "2183"]
[BlackElo "2345"]
[Annotator "TA"]
[PlyCount "127"]
[EventDate "2022.05.12"]
[EventType "swiss"]
[EventCountry "CZE"]
[SourceTitle "playchess.com"]
[Source "ChessBase"]
[SourceQuality "1"]
[TimeControl "40/5400+30:1800+30"]

1. e4 c5 2. Nc3 Nc6 3. Bb5 e6 4. Bxc6 bxc6 5. d3 Ne7 6. Be3 {[%emt 0:05:55] B23: Closed Sicilian: Lines without g3.} (6. f4 $14 {is more appropriate.}) 6... Ng6 $11 {[%emt 0:01:35] [#]} 7. b3 $146 ({Predecessor:} 7. f4 d5 8. Bd2 c4 9. dxc4 Ba6 10. cxd5 cxd5 11. exd5 Bc5 12. Ne4 Bxg1 13. Rxg1 exd5 {0-1 (30) Mkrtchian,L (2395)-Dzagnidze,N (2520) Moscow 2019}) 7... e5 8. Na4 {[%emt 0:11:30] The position is equal.} d6 9. c4 Be7 10. Qd2 O-O 11. Ne2 ({White should try} 11. f3 $15) 11... Nh4 $1 $17 12. Rg1 {[%emt 0:11:47] [#]} f5 (12... Bh3 $142 $1 13. O-O-O Bxg2) 13. f4 (13. exf5 $17 {was the only defense.} Nxf5 14. O-O-O) 13... Ng6 (13... fxe4 $19 14. dxe4 exf4 15. Bxf4 {[#]} Bh3 $1) 14. g3 $15 exf4 15. gxf4 Bh4+ 16. Kd1 Bf6 17. Nac3 Be6 ({Reject} 17... fxe4 $6 18. dxe4 Re8 19. Kc2 $11) (17... a5 $17) 18. Kc2 a5 19. a4 ({White should play} 19. Rad1 $15) 19... Qb6 20. Rab1 Rab8 (20... Nh4 $17 21. Rgf1 Qb4) 21. exf5 Bxf5 {[%emt 0:00:18] White must now prevent ...Nh4. A strong pair of Bishops.} 22. Ne4 Rbd8 (22... Be7 $17 {aiming for ...d5.} 23. N2c3 Qd8) 23. Nxf6+ Rxf6 24. Ng3 d5 25. Nxf5 Rxf5 26. Rg5 Rdf8 ({Better is} 26... Rf7 $15) 27. Rxf5 $14 Rxf5 28. Qf2 Qb8 29. Bxc5 (29. Rf1 $16) 29... Rxf4 (29... Nxf4 $11 30. Re1 h6) 30. Qg3 {[%emt 0:00:10][%cal Ob1f1] Rf1! is the strong threat.} Qc8 31. Bd6 Rg4 32. Qf2 Qd7 {[%emt 0:18:34] [#]} 33. Rf1 $1 h6 34. Bg3 h5 (34... Rg5 $16) 35. Qf5 $18 Qxf5 36. Rxf5 {[%emt 0:00:00][%mdl 4096] Endgame KRB-KRN} h4 37. Bd6 d4 $2 (37... Rg2+ 38. Kc3 Rg1 39. cxd5 cxd5 40. Rxd5 Rc1+ 41. Kd2 Rc6) 38. b4 Rg2+ (38... axb4 $142 39. a5 Rg1) 39. Kb3 Rd2 40. Rf3 axb4 41. a5 Rd1 42. Kxb4 Ra1 43. Kc5 Rxa5+ 44. Kxc6 Ne5+ 45. Bxe5 Rxe5 {[%emt 0:00:00] KR-KR} 46. Kd6 Re2 47. c5 {[%emt 0:00:00] c6 would kill now.} Rxh2 48. c6 {[%emt 0:00:00] White mates.} Rc2 49. c7 Kh7 50. Rf8 Kg6 51. c8=Q Rxc8 52. Rxc8 {[%emt 0:00:00] KR-K3P} Kf5 53. Rf8+ Kg4 54. Ke5 g5 55. Kxd4 {[%emt 0:00:00] KR-KPP} Kg3 56. Ke3 g4 57. d4 h3 58. d5 Kh2 59. d6 g3 60. d7 g2 61. Rf2 Kh1 62. d8=Q h2 63. Qg5 g1=Q 64. Qd5+ {[%emt 0:00:00] Never resign too early!  Weighted Error Value: White=0.18 (very precise) /Black=0.40} 1-0

[Event "Czech Championship 2022"]
[Site "Usti nad Labem"]
[Date "2022.05.16"]
[Round "3.12"]
[White "Krivanek, Vladimir"]
[Black "Horak, Martin"]
[Result "1-0"]
[ECO "A00"]
[WhiteElo "2180"]
[BlackElo "2343"]
[Annotator "TA"]
[PlyCount "119"]
[EventDate "2022.05.12"]
[EventType "swiss"]
[EventCountry "CZE"]
[SourceTitle "playchess.com"]
[Source "ChessBase"]
[SourceQuality "1"]
[TimeControl "40/5400+30:1800+30"]

1. b4 e5 2. Bb2 Bxb4 3. Bxe5 Nf6 4. c3 Ba5 5. Qa4 Nc6 6. Nf3 {[%emt 0:13:54] A00: Irregular Openings.} (6. e3 $11) 6... O-O (6... Nxe5 $17 7. Qxa5 (7. Nxe5 c6 $17) 7... Nxf3+ 8. gxf3 O-O) 7. e3 (7. Bxf6 $11 {remains equal.} Qxf6 8. e3) 7... d5 (7... Nxe5 $17 8. Qxa5 Nxf3+ 9. gxf3 Re8) 8. Bxf6 $11 {[%emt 0:07:22] The position is equal.} Qxf6 {[%emt 0:00:30] [#]} 9. Be2 $146 ({Predecessor:} 9. Bb5 Bb6 10. d4 Ne7 11. O-O Rd8 12. Nbd2 Bf5 13. Rfe1 c6 14. Bf1 c5 15. e4 Bxe4 16. Nxe4 dxe4 17. Rxe4 cxd4 18. cxd4 {½-½ (50) Buczinski,H (2036)-Kolanek,R (1973) LSS email 2012}) 9... Bb6 10. d4 Ne7 (10... Bd7 $5 ) 11. Nbd2 c6 12. O-O Bc7 13. c4 Re8 14. Rab1 g5 15. Qd1 (15. g3 $14 {might be stronger.}) 15... Kg7 16. e4 Qh6 17. g3 ({Better is} 17. e5 $11) 17... f5 (17... dxe4 $1 $15 {keeps the upper hand.} 18. Nxe4 Ng6) 18. exd5 cxd5 19. Re1 Qf6 20. Qa4 Rd8 21. Bf1 dxc4 22. Qxc4 (22. Bxc4 Ng6 $11) 22... Bb6 23. Nb3 Nd5 (23... f4 $14) 24. Re5 $16 {[%emt 0:01:54] Rbe1 is the strong threat.} g4 (24... Be6 $16) 25. Nh4 $1 $18 (25. Rxd5 Be6 26. Rxd8 Rxd8 $14) 25... Ne7 26. Rbe1 $1 Nc6 27. Re8 Bd7 {[%emt 0:00:39] [#]} 28. R8e3 (28. R8e6 $1 $18 Bxe6 29. Rxe6) 28... Re8 {[%emt 0:01:55] [#]} (28... Nxd4 $2 29. Re7+ Kf8 30. Nxd4 Bxd4 31. Qb4 $18) (28... Bxd4 $2 29. Nxd4 Nxd4 30. Re7+ Kf8 31. Rxh7 $18) (28... Kh8 $1 $11) 29. Rxe8 (29. Nc5 $1 $16 Rxe3 30. Nxd7 Rxe1 31. Nxf6 Kxf6 {[#]} 32. Nxf5 $1) 29... Rxe8 $11 30. Rxe8 Bxe8 31. Qd5 Bg6 32. Bd3 f4 ({Black should try} 32... Nb4 $11 33. Qxb7+ Qf7 34. Nxf5+ Kf6 35. Qxf7+ Bxf7) 33. Bxg6 {[%emt 0:00:35] White is more active.} (33. Qd7+ $14 Kh6 34. Nxg6 hxg6 35. Qxg4) 33... hxg6 34. Qd7+ Qf7 35. Qxg4 Nxd4 36. Nxd4 Bxd4 37. gxf4 {[%emt 0:00:15][%mdl 4096] Endgame KQB-KQN} Bf6 38. Nf5+ $1 Kf8 (38... Kh7 $2 39. Qh3+ Kg8 40. Nh6+ Kg7 41. Nxf7 $18) 39. Nd6 (39. Nh6 $16 Qe8 40. Qd1) 39... Qc7 (39... Qxa2 $11 40. Qc8+ (40. Qxg6 Qg8 $14) 40... Ke7 41. Qc7+ (41. Nxb7 Qd5 $11) 41... Kf8) 40. Ne4 Kf7 $2 {[%emt 0:00:30][%mdl 8192] This costs Black the game.} (40... Bd8 $16 {is a better chance.} 41. f5 (41. Qxg6 Qxf4 42. h3 b6 $16) 41... gxf5 42. Qxf5+ Kg8 43. Qd5+ Kf8) 41. f5 $18 Qc1+ $2 (41... g5 42. Qh5+ (42. Nxg5+ Bxg5 43. Qxg5 Qb6 $18) 42... Kf8) 42. Kg2 Qh6 43. fxg6+ ({Not} 43. Qg3 gxf5 44. Qb3+ (44. Nd6+ Ke6 $16) 44... Kf8 $16) 43... Qxg6 44. Nd6+ Kg7 45. Qxg6+ $2 (45. Ne8+ Kh6 46. Qxg6+ Kxg6 47. Nxf6) 45... Kxg6 46. Nxb7 {[%emt 0:00:14] KB-KN} Kf5 47. Kf3 Ke5 $2 (47... Be5 48. h3 Bc7) 48. Kg4 Kd5 49. h4 Kc6 50. Na5+ Kb5 51. Nb3 {[%emt 0:00:14] h5 would kill now.} Kb4 52. f4 Ka3 53. h5 {[%emt 0:01:00] White threatens Nc5 and mate.} Kxa2 54. Na5 {[%emt 0:00:11] White mates.} Ka3 55. Kf5 Bh8 56. Ke6 Kb4 57. Nc6+ Kc5 58. Nxa7 Kd4 59. h6 Ke4 60. f5 {[%emt 0:00:10] Weighted Error Value: White=0.45/Black=0.64} 1-0

[Event "Czech Championship 2022"]
[Site "Usti nad Labem"]
[Date "2022.05.16"]
[Round "3.13"]
[White "Mica, Marek"]
[Black "Paseka, Matyas"]
[Result "1/2-1/2"]
[ECO "A42"]
[WhiteElo "2343"]
[BlackElo "2076"]
[Annotator "TA"]
[PlyCount "196"]
[EventDate "2022.05.12"]
[EventType "swiss"]
[EventCountry "CZE"]
[SourceTitle "playchess.com"]
[Source "ChessBase"]
[SourceQuality "1"]
[TimeControl "40/5400+30:1800+30"]

1. d4 g6 2. c4 Bg7 3. e4 d6 4. Nc3 Nd7 5. Be3 e5 6. d5 Ne7 7. g4 O-O {[%emt 0:04:22] A42: Modern Defence: Averbakh Variation.} 8. Qd2 f5 9. f3 Nf6 {[%emt 0:04:40] White is slightly better.} 10. h3 a6 11. a4 c5 (11... Bd7 $11) 12. Nge2 {[%emt 0:04:43] [#]} (12. Bd3 $14) 12... f4 $146 (12... Qa5 $11) ({Predecessor:} 12... Bd7 13. Nc1 b6 14. Bd3 Rf7 15. N1e2 Qc7 16. O-O Raf8 17. Kg2 Qc8 18. Bh6 fxg4 19. fxg4 Bxg4 20. hxg4 Qxg4+ {0-1 (25) Kljako,D (2227)-Saric,I (2366) Kastav 2002}) 13. Bf2 $14 a5 (13... Bd7 $14) 14. Bh4 (14. h4 $16) 14... Kh8 15. Nc1 Neg8 16. Qf2 h6 17. Qh2 ({Much worse is} 17. g5 $6 Nxd5 18. Nxd5 hxg5 $11) 17... g5 18. Bf2 Ne7 19. h4 {[%emt 0:01:53] aiming for hxg5.} Kg8 20. Nd3 b6 21. O-O-O Ng6 22. Be2 (22. Nb5 {with more complications.} Kf7 23. Be1 Ne8 24. h5) 22... Ba6 23. b3 Qe7 24. Qh3 Kf7 25. Rh2 (25. Kb2 $16) 25... Rh8 26. Rdh1 Rh7 27. Qf1 {[%emt 0:00:42] Black must now prevent hxg5.} Rah8 28. Rh3 (28. h5 $16 Nf8 29. Nb5) 28... Nf8 (28... Nxh4 $11 {keeps the balance.} 29. Bxh4 gxh4) 29. Nb5 Bxb5 30. cxb5 Qc7 31. Nb2 N6d7 (31... gxh4 $16 32. Bxh4 Ng6) 32. Nc4 Bf6 33. R1h2 (33. h5 $18) 33... Kg7 (33... gxh4 $16 34. Bxh4 Bxh4) 34. Be1 (34. h5 $18) 34... Ng6 35. h5 Ne7 36. Bc3 Ra8 37. Bd3 Rhh8 38. Ra2 Rhb8 39. Rhh2 Nc8 40. Rhc2 Qd8 41. Qe1 Kf7 42. Kd1 Ke7 43. Ke2 Ra7 44. Rc1 Rba8 45. Rca1 Qc7 46. Bd2 Kf7 47. Qd1 Be7 48. Rc1 Qd8 49. Bc3 Bf6 50. Qd2 Ke7 51. Kd1 Kf7 52. Be2 {[%emt 0:00:23] 0x0.00215a50a8dbdp-1022s more active pieces.} Ke7 53. Kc2 Qc7 54. Kb2 Qd8 55. Qe1 Bg7 56. Bd2 Bf6 57. Qd1 Bg7 58. Be1 Bf6 59. Bf2 Qc7 60. b4 $2 ({White should try} 60. Kc2 $16) 60... axb4 $15 61. Rca1 Ra5 62. Qb3 {[%emt 0:02:29][%mdl 1024] White has compensation.} Qa7 (62... R5a7 $11) 63. Kc2 $16 Qb8 64. Nb2 {[%emt 0:00:28] Really sharp!} (64. Nxa5 $16 {Threatens to win with Nc6+.} Rxa5 65. Bc4) 64... Qc7 65. Bc4 Kf7 66. Nd3 Ne7 67. Be1 Kf8 68. Kd1 $1 Kg7 69. Ke2 Kf8 70. Kf1 Kg7 71. Kg2 Kf8 72. Qc2 Qa7 73. Bb3 Rc8 (73... Qb8 $15) 74. Rc1 (74. Nb2 $11) 74... Qb7 75. Qb1 Qa8 76. Rc4 (76. Nb2 $5 ) 76... Qb7 77. Rac2 Ke8 $2 {[%emt 0:00:00] [#]} (77... Raa8 $15 {keeps the upper hand.}) 78. Bd2 $2 (78. Nxb4 $1 $16 {[%mdl 512] Strongly threatening Nc6.} cxb4 (78... Raa8 79. Nc6) 79. Rc6) 78... Rca8 $15 79. Qc1 Rxa4 $2 (79... R5a7 $15 {stays ahead.}) 80. Bxa4 $18 Rxa4 {[%emt 0:00:00] [#]} 81. Bxb4 $1 cxb4 $16 82. Rc7 Qa8 {[%emt 0:00:00] [#]} 83. Rc8+ $1 Nxc8 (83... Qxc8 84. Rxc8+) 84. Rxc8+ Qxc8 85. Qxc8+ Bd8 86. Qc4 Ra3 87. Qxb4 Ra2+ $2 {[%emt 0:00:00] [#]} (87... Rxd3 $11 {and Black has nothing to worry.} 88. Qxd6 Bf6) 88. Kf1 (88. Kh3 $1 $18 Ke7 89. Qb3) 88... Nc5 $2 (88... Bc7 $16 89. Qc4 Ra1+ 90. Ke2 Kd8) 89. Qc4 $2 (89. Nxc5 $18 {and White stays clearly on top.} bxc5 90. Qb1) 89... Nxd3 $4 90. Qc6+ $2 ({Less strong is} 90. Qxd3 Ra1+ 91. Kg2 Rc1 $18) ({Only move:} 90. Qxa2 $18 {And now Qa7 would win.} Nc5 91. Qa7) 90... Ke7 $11 {[%emt 0:00:00] The position is equal.} 91. Qb7+ Ke8 92. Qc6+ Ke7 93. Qb7+ Ke8 94. Qg7 Rf2+ 95. Kg1 Re2 96. Qg8+ Kd7 97. Qe6+ Kc7 98. Qxh6 Re1+ {[%emt 0:00:06] Black defended with fortune.  Weighted Error Value: White=0.18 (very precise) /Black=0.13 (very precise)} 1/2-1/2

[Event "Czech Championship 2022"]
[Site "Usti nad Labem"]
[Date "2022.05.16"]
[Round "3.14"]
[White "Hrbek, Stepan"]
[Black "Bouska, Jiri"]
[Result "1/2-1/2"]
[ECO "B38"]
[WhiteElo "2303"]
[BlackElo "2117"]
[Annotator "TA"]
[PlyCount "79"]
[EventDate "2022.05.12"]
[EventType "swiss"]
[EventCountry "CZE"]
[SourceTitle "playchess.com"]
[Source "ChessBase"]
[SourceQuality "1"]
[TimeControl "40/5400+30:1800+30"]

1. e4 c5 2. Nf3 Nc6 3. d4 cxd4 4. Nxd4 g6 5. c4 Bg7 6. Be3 Nf6 7. Nc3 d6 8. f3 O-O 9. Qd2 Bd7 10. Be2 Nxd4 11. Bxd4 Bc6 {[%emt 0:00:24] B38: Sicilian: Maroczy Bind with 5...Bg7 and 7...0-0.} 12. O-O-O a6 13. Kb1 b5 {[%emt 0:00:23] White is better.} 14. g4 bxc4 {[%emt 0:11:22] [#]} 15. h4 $146 ({Predecessor:} 15. Bxc4 Rb8 16. Bb3 a5 17. h4 Rb4 18. h5 Nxe4 19. Qe3 Rxd4 20. Rxd4 Bxd4 21. Qxd4 {0-1 (57) Stachanczyk,J (2137)-Pert,R (2416) Chess.com INT 2021}) 15... Qa5 16. g5 (16. h5 $16 Rfc8 17. Bxc4) 16... Nh5 $14 17. Nd5 Qd8 18. Bxg7 {[%emt 0:00:35] White is much more active. The black rooks are badly placed.} (18. Ne3 {seems wilder.} Bxd4 19. Qxd4 Ng3 20. Rh2) 18... Nxg7 19. Bxc4 Bxd5 20. Bxd5 Rb8 21. Rc1 Rc8 22. Rxc8 Qxc8 23. Qa5 Nh5 24. Qb6 Ng3 $1 25. Rc1 Qh3 26. Qxa6 Qxh4 27. Qb5 Kg7 28. Bc4 $36 {[%emt 0:05:19][%mdl 2048] White has good play.} Qh5 29. Rc3 e5 30. a4 {[%emt 0:03:51][%cal Ba2a4,Ba4a5,Ba5a6][%mdl 32] Hoping for a5.} Qxg5 31. a5 {[%emt 0:00:20] And now a6 would win.} h5 32. a6 h4 33. Qd7 {[%emt 0:00:22] Black must now prevent a7.} Qh6 (33... d5 $11 34. Bxd5 (34. Qxd5 h3 $11) 34... Ne2) 34. Be6 ({Better is} 34. Rc2 $1 $14 h3 35. Rh2 (35. Qxd6 h2 $15)) 34... Ne2 {[%emt 0:01:02] The position is equal.} 35. Rc7 Qd2 36. Bxf7 {[%emt 0:00:12] [#] White wants to mate with Be8+.} Qe1+ 37. Ka2 Qa5+ 38. Kb1 {[%emt 0:00:12] Threatens to win with Bc4+.} Qe1+ 39. Ka2 {[%emt 0:00:29] Bc4+ is the strong threat. The board is on fire.} Qa5+ 40. Kb1 {[%emt 0:01:16] Weighted Error Value: White=0.08 (flawless) /Black=0.08 (flawless)} 1/2-1/2

[Event "Czech Championship 2022"]
[Site "Usti nad Labem"]
[Date "2022.05.16"]
[Round "3.15"]
[White "Bartos, Jan"]
[Black "Serrano Salvador, Eduardo"]
[Result "0-1"]
[ECO "C41"]
[WhiteElo "2125"]
[BlackElo "2286"]
[Annotator "TA"]
[PlyCount "86"]
[EventDate "2022.05.12"]
[EventType "swiss"]
[EventCountry "CZE"]
[SourceTitle "playchess.com"]
[Source "ChessBase"]
[SourceQuality "1"]
[TimeControl "40/5400+30:1800+30"]

1. d4 Nf6 2. Nf3 d6 3. Nc3 Nbd7 4. e4 e5 5. Bc4 Be7 6. O-O O-O 7. Re1 c6 8. a4 b6 {[%emt 0:00:30] 8...b6 has lost popularity.} 9. d5 c5 10. a5 Rb8 {[%emt 0:04:43] C41: Philidor Defence.} 11. axb6 axb6 {[%emt 0:00:40] [#]} 12. Bd2 $146 ({Predecessor:} 12. Bb5 Ne8 13. Nd2 Nc7 14. Nc4 Nxb5 15. Nxb5 Nf6 16. Bg5 Ne8 17. Bxe7 Qxe7 18. Ra7 {1-0 (35) Velicka,P (2408)-Brychta,D (2147) Chess.com INT 2021}) 12... Ne8 {[%emt 0:02:46] White is better.} 13. Nb5 Nc7 14. Na7 {[%emt 0:01:45] Strongly threatening Nc6.} Bb7 15. Nc6 (15. Qe2 $16) 15... Bxc6 $11 16. dxc6 Nf6 17. b4 b5 18. Bd5 c4 (18... Nfxd5 $11 19. exd5 c4) 19. Be3 $1 $16 Qc8 20. Ra7 Bd8 21. Ng5 {[%emt 0:06:02][%cal Bf3g5,Bg5h3,Bh3f2][%mdl 32] aiming for Bxf7+.} Nfxd5 (21... Ncxd5 $11 {keeps the balance.} 22. exd5 Ra8) 22. exd5 Qf5 {[%emt 0:00:24] Prevents Ne4.} 23. Nh3 f6 24. f3 Qc8 25. Nf2 f5 {[%emt 0:00:28] Inhibits Ne4.} 26. f4 {[%emt 0:10:08] Hoping for fxe5.} e4 27. Qd2 Bf6 28. g4 Bh4 (28... c3 $1 $14 29. Qd1 Bh4) 29. gxf5 $2 {[%emt 0:02:25] [#]} (29. g5 $16 {keeps the pressure on.}) 29... Rxf5 (29... Rf7 $1 $17) 30. Rf1 Nxd5 31. Nxe4 Qxc6 (31... Nxe3 $6 32. Qxe3 Qxc6 33. Qd4 $17) 32. Qg2 $1 Be7 33. Bd4 g6 34. Ng3 Rf7 35. f5 {[%emt 0:01:07] Threatens to win with fxg6.} (35. Ne4 c3 36. Rd1 Qc4 $17) 35... Bf6 $40 {[%emt 0:03:27][%mdl 128] White needs to defend precisely.} 36. Bxf6 Rxa7 37. fxg6 $2 {[%emt 0:00:33][%mdl 8192] Now White is beyond hope.} (37. Bd4 $1 $14 {keeps the upper hand.} Rg7 38. Nh5 Nxb4 39. Qg5 (39. Nxg7 Qxg2+ 40. Kxg2 Nxc2 $17) 39... Nxc2 40. Bxg7 Qb6+ 41. Rf2) 37... Qb6+ $19 (37... Nxb4 {gets mated.} 38. gxh7+ Rxh7 39. Ne4+ Kf8 40. Qg6 Rf7 {[#]} 41. Be7+ $1 Ke8 42. Qxf7+ Kd7 43. Bxd6+ Kc8 44. Qf8+ Kb7 45. Qxb8+ Ka6 46. Ra1+) (37... hxg6 $2 38. Nf5 Qb6+ 39. Kh1 Nxf6 40. Qxg6+ Kh8 41. Qxf6+ Kh7 42. Qh6+ Kg8 43. Rg1+ Qxg1+ 44. Kxg1 $18) 38. Kh1 Nxf6 (38... Nxb4 {is a self mate.} 39. gxh7+ Rxh7 40. Nh5+ Kf8 41. Bg7+ Ke8 42. Qe4+ Kd8 43. Rf8+ Kd7 44. Rf7+ Kd8 45. Bf6+ Kc8 46. Qg4#) 39. gxh7+ $2 (39. Rxf6 Qb7 40. gxh7+ Kh8 41. Qxb7 Rbxb7 42. Rxd6) 39... Nxh7 {[%emt 0:02:54] Black is clearly winning.} 40. Nf5+ Kh8 41. Nh6 Qd4 42. Qg6 Qd5+ 43. Kg1 Rg7 {[%emt 0:00:13] Weighted Error Value: White=0.72/Black=0.13 (very precise)} 0-1

[Event "Czech Championship 2022"]
[Site "Usti nad Labem"]
[Date "2022.05.16"]
[Round "3.16"]
[White "Ocelak, Jakub"]
[Black "Smolik, Jachym"]
[Result "1/2-1/2"]
[ECO "B10"]
[WhiteElo "2060"]
[BlackElo "2272"]
[Annotator "TA"]
[PlyCount "81"]
[EventDate "2022.05.12"]
[EventType "swiss"]
[EventCountry "CZE"]
[SourceTitle "playchess.com"]
[Source "ChessBase"]
[SourceQuality "1"]
[TimeControl "40/5400+30:1800+30"]

1. e4 c6 2. Nf3 d5 3. d3 dxe4 4. dxe4 Qxd1+ 5. Kxd1 Nf6 6. Nbd2 {[%emt 0:00:01] B10: Caro-Kann: 2 d3 and 2 c4.} Nbd7 7. Ne1 Ng4 8. Nd3 {[%emt 0:00:15] The position is equal.} Nge5 9. Nxe5 Nxe5 10. Nc4 {[%emt 0:00:01] [#]} Ng6 $146 ({Predecessor:} 10... Nxc4 11. Bxc4 e5 12. Be3 f5 13. exf5 Bxf5 14. Kc1 Kd7 15. a4 Be7 16. a5 Kc7 {½-½ (45) Hering,H (2318)-Hitzegrad,J (2314) ICCF email 2019}) 11. Be3 e5 12. a4 b6 13. Be2 f6 14. g3 {[%emt 0:04:01] Prevents Nf4. White is more active.} Bh3 15. f3 O-O-O+ 16. Kc1 f5 17. exf5 Bxf5 18. a5 ({White should try} 18. h4 $16) 18... b5 $11 19. Nd2 Kb8 20. Ne4 Be7 (20... Ne7 $11) 21. a6 (21. c4 $14) 21... Nf8 $1 22. Nc5 Bxc5 23. Bxc5 Ne6 24. Be3 Nd4 25. Bd1 Be6 26. Re1 Rhe8 27. Ra3 Bd5 28. f4 Ka8 (28... Nf5 $16) 29. Bd2 (29. Bf2 $18) 29... e4 30. Ba5 Rb8 31. g4 Nf3 32. Re2 Rf8 33. f5 g6 34. Bb4 {[%emt 0:00:26][%cal Ba5b4,Bb4d6,Bd6c5][%mdl 32] A strong pair of Bishops.} Rf7 35. fxg6 hxg6 36. Rf2 Rh8 37. Bd6 {[%emt 0:00:38] Prevents Rf4.} Rd8 38. Bc5 Rfd7 39. Bxf3 exf3 40. Re3 Kb8 (40... Be6 $1 $11 41. b4 Bxg4) 41. b3 {[%emt 0:04:21] Weighted Error Value: White=0.12 (very precise) /Black=0.17 (very precise)} 1/2-1/2

[Event "Czech Championship 2022"]
[Site "Usti nad Labem"]
[Date "2022.05.16"]
[Round "3.17"]
[White "Horak, Jiri"]
[Black "Krejci, Jan"]
[Result "0-1"]
[ECO "D02"]
[WhiteElo "2161"]
[BlackElo "2520"]
[Annotator "TA"]
[PlyCount "42"]
[EventDate "2022.05.12"]
[EventType "swiss"]
[EventCountry "CZE"]
[SourceTitle "playchess.com"]
[Source "ChessBase"]
[SourceQuality "1"]
[TimeControl "40/5400+30:1800+30"]

1. d4 Nf6 2. Nf3 c5 3. g3 cxd4 4. Nxd4 e5 5. Nb3 d5 6. Bg2 Be7 7. O-O O-O 8. N1d2 Nc6 9. Nf3 h6 10. c3 Bg4 {[%emt 0:01:19][%cal Bc8g4,Bg4e6,Be6h3][%mdl 32] D02: 1 d4 d5 2 Nf3 sidelines, including 2...Nf6 3 g3 and 2...Nf6 3 Bf4.} 11. Be3 b6 12. h3 Be6 {[%emt 0:00:59] [#] Black is better.} 13. Kh2 $146 ({Predecessor:} 13. a4 Qc7 14. a5 Nxa5 15. Nxa5 bxa5 16. Qa4 Bd8 17. g4 Nd7 18. Rfd1 Rc8 19. Rd2 {0-1 (26) De Vos,C (2017)-Huhndorf,A (2234) Ghent 2018}) 13... Qc7 14. Qc2 Rfe8 15. Nh4 (15. Rad1 $17) 15... e4 $19 16. Bh1 Qc8 17. Nd4 Bxh3 ({Wrong is} 17... Nxd4 $2 18. Bxd4 Bxh3 19. Ng2 $19) 18. Ng2 ({Avoid the trap} 18. Nxc6 $2 Ng4+ 19. Kg1 Bxh4 $19) 18... Ng4+ 19. Kg1 Nxe3 20. fxe3 {[%emt 0:05:19] [#]} (20. Nxe3 {only move.} Nxd4 21. cxd4) 20... Bd6 {A strong pair of Bishops.} 21. Kh2 (21. Nxc6 $142 Qxc6 22. Nf4 Bxf1 23. Rxf1) 21... Ne5 {[%emt 1:02:10] White did not feel at home in the position after the opening.  Weighted Error Value: White=0.59/Black=0.14 (very precise)} 0-1

[Event "Czech Championship 2022"]
[Site "Usti nad Labem"]
[Date "2022.05.16"]
[Round "3.18"]
[White "Kozak, Milos"]
[Black "Freisler, Pavel"]
[Result "0-1"]
[ECO "E04"]
[WhiteElo "2114"]
[BlackElo "2239"]
[Annotator "TA"]
[PlyCount "108"]
[EventDate "2022.05.12"]
[EventType "swiss"]
[EventCountry "CZE"]
[SourceTitle "playchess.com"]
[Source "ChessBase"]
[SourceQuality "1"]
[TimeControl "40/5400+30:1800+30"]

1. d4 Nf6 2. c4 e6 3. g3 d5 4. Nf3 dxc4 5. Bg2 Bb4+ 6. Bd2 c5 {[%emt 0:00:25] E04: Open Catalan: 5 Nf3.} 7. Bxb4 cxb4 8. Ne5 O-O {[%emt 0:00:15][%cal Ob8c6] White is slightly better.} 9. a3 {[%emt 0:18:33] is more profitable than 9.Nxc4 at the moment.} Nc6 10. Nxc6 bxc6 11. axb4 Qb6 12. O-O {[%emt 0:07:56] [#]} Rd8 $146 ({Predecessor:} 12... Qxb4 13. Qc2 Rb8 14. Rc1 Qxb2 15. Qxb2 Rxb2 16. Bf3 e5 17. Na3 e4 18. Nxc4 Rb4 19. Bg2 Be6 20. Ne5 Rxd4 21. Nxc6 Rc4 22. Nxa7 {½-½ (22) Bareev,E (2634)-Grachev,B (2652) St Petersburg 2009}) 13. Qa4 Nd5 14. Na3 c3 15. bxc3 Nxc3 16. Qc2 Nd5 17. Nc4 Qxb4 18. Ne5 Bd7 19. e3 {[%emt 0:01:14][%cal Be2e3,Be3e4][%mdl 1056] White has compensation.} Qd6 20. Ra5 f6 21. Nc4 Qc7 22. Rfa1 Rdb8 23. e4 Nb6 24. Ne3 Qd6 25. Qc3 ({Of course not} 25. Rxa7 Qxd4 26. Rxa8 Rxa8 27. Rxa8+ Nxa8 $15) 25... Rb7 26. h4 Be8 27. Ra6 Rd8 28. Rd1 Qe7 29. Ra5 h6 30. Kh2 Kh8 31. Kg1 Rbd7 32. Bh3 Rd6 33. Qa3 R6d7 34. Qc3 Bg6 35. f3 Bf7 36. Kh2 Rd6 37. Qa3 R6d7 38. Qc3 Kg8 39. Raa1 Kf8 40. Rac1 Rd6 41. Rc2 Qd7 42. Rcd2 Kg8 43. Kg1 Qb7 44. Qa5 Qc7 {[%emt 0:01:51][%cal Oc6c5] Threatens to win with ...c5!} 45. Qc5 R6d7 46. Kf2 Qd6 {[%emt 0:01:06] [#] And now ...Qxc5 would win.} 47. Qa5 Rc7 48. Rc2 Rb8 49. f4 Qe7 50. Rdc1 Qd6 51. Rd1 Qd8 52. Rcd2 Rd7 53. Ke1 Nc8 54. Bf1 $2 {[%emt 0:01:36][%mdl 8192] [#]} Qxa5 {[%emt 0:00:43] Weighted Error Value: White=0.21 (precise) /Black=0.07 (flawless)} 0-1